 Dungeon Crawl Stone Soup version 0.29.0-4-gdea44cf6ec (webtiles) character file.

Game seed: 206841223307062838

40 qw the Chopper (level 3, 0/21 HPs)
             Began as a Tengu Warper on Aug 28, 2022.
             Was an Initiate of Okawaru.
             Succumbed to an adder's poison
             ... on level 2 of the Dungeon.
             The game lasted 00:00:08 (1537 turns).

qw the Chopper (Tengu Warper)                       Turns: 1537, Time: 00:00:09

Health: 0/21       AC:  8    Str: 13    XL:     3   Next: 50%
Magic:  7/7        EV:  6    Int: 13    God:    Okawaru [......]
Gold:   55         SH:  0    Dex: 13    Spells: 6/6 levels left

rFire   . . .      SeeInvis .   Y - +0 hand axe (flame)
rCold   . . .      Faith    .   (no shield)
rNeg    . . .      Spirit   .   d - +0 chain mail
rPois   .          Reflect  .   (helmet restricted)
rElec   .          Harm     .   (no cloak)
rCorr   .          Rampage  .   (no gloves)
Will    .....                   (boots unavailable)
Stlth   ..........              (no amulet)
HPRegen 0.07/turn               (no ring)
MPRegen 0.10/turn               (no ring)

@: lethally poisoned (0 -> -16)
A: beak, talons 3
a: Renounce Religion


You were on level 2 of the Dungeon.
You worshipped Okawaru.
Okawaru was noncommittal.
You visited 1 branch of the dungeon, and saw 2 of its levels.

You collected 55 gold pieces.


Innate Abilities, Weirdness & Mutations

You have a beak for a mouth.
You have claws for feet.


   Skills:
 - Level 2.0 Fighting
 + Level 4.2 Axes
 - Level 1.0 Throwing
 - Level 1.1 Armour
 - Level 2.1 Dodging
 - Level 2.0 Spellcasting
 - Level 2.4 Translocations


You had 6 spell levels left.
You didn't know any spells.
Your spell library contained the following spells:

 Spells                   Type           Power      Damage    Failure   Level
 Blink                    Tloc           14%        N/A       99%         2
 Gell's Gravitas          Tloc           7%         N/A       100%        3
 Lesser Beckoning         Tloc           7%         N/A       100%        3
 Teleport Other           Tloc           7%         N/A       100%        3
 Manifold Assault         Tloc           7%         N/A       100%        5

Inventory:

Hand Weapons
 Y - a +0 hand axe of flaming (weapon)
Armour
 d - a +0 chain mail (worn)
Jewellery
 f - a +6 ring of dexterity
 i - a ring of ice
Scrolls
 a - a scroll of amnesia {unknown}
 e - a scroll of acquirement {unknown}
 k - 4 scrolls of identify
Potions
 b - a potion of cancellation {unknown}
 c - a potion of berserk rage {unknown}

Dungeon Overview and Level Annotations

Branches:
Dungeon (2/15)

Altars:
Okawaru


Message History

You kill the worm!
Okawaru accepts your kill.
You start resting.
HP restored.
You see here a dart slug corpse.
You see here a frilled lizard corpse.
A ball python comes into view.
The ball python hisses angrily.
You barely miss the ball python. You claw the ball python.
You kill the ball python!
Okawaru accepts your kill.
A worm comes into view.
An adder comes into view.
The adder hisses angrily.
You hit the adder. You burn the adder.
The adder is severely wounded.
The adder bites you. The adder bites you but does no damage.
You barely miss the adder. Your kick misses the adder.
The adder is severely wounded.
The adder bites you but does no damage.
You hit the adder but do no damage. Your kick misses the adder.
Your peck misses the adder.
The adder is severely wounded.
The adder bites you.
You are poisoned.
The adder poisons you! The adder bites you.
You are more poisoned.
The adder poisons you!
You hit the adder. You burn the adder. Your kick misses the adder.
The adder is almost dead.
You hit the worm but do no damage.
You feel very sick. The adder bites you.
You are more poisoned.
The adder poisons you! The worm bites you.
You hit the adder. You burn the adder.
You kill the adder!
Okawaru accepts your kill.
You hit the worm. You burn the worm.
You die...

#....
#.........#
#....
..........#
#....
..........#
#....
..........#
##### ........
..... ##### #%w#
#...# #@# #...#
#.########...#
#............#
###..........#
##.........#####
#..............
#..............
#......%%......
#......#.######


You could see a worm.

Vanquished Creatures
  An adder (D:2)
  A worm (D:2)
  A dart slug (D:2)
  3 giant cockroaches (D:1)
  2 goblins
  2 hobgoblins (D:1)
  5 jackals (D:1)
  A quokka (D:1)
  7 ball pythons
  3 bats
  2 frilled lizards (D:2)
  3 kobolds
  5 rats
36 creatures vanquished.

Notes
Turn   | Place    | Note
-------+----------+-------------------------------------------
     0 | D:1      | qw the Tengu Warper began the quest for the Orb.
     0 | D:1      | Reached XP level 1. HP: 12/12 MP: 4/4
     0 | D:1      | 0 ||| qw: Version: 0.1-a-89-g26bdef1
     0 | D:1      | 0 ||| qw: Game counter: 3050
     0 | D:1      | 0 ||| qw: Always use a shield: true
     0 | D:1      | 0 ||| qw: God list: Okawaru
     0 | D:1      | 0 ||| qw: Allow faded altars: false
     0 | D:1      | 0 ||| qw: Do Orc after D:15 true
     0 | D:1      | 0 ||| qw: Do second Lair branch before Depths: true
     0 | D:1      | 0 ||| qw: Lair rune preference: random
     0 | D:1      | 0 ||| qw: Plans: Normal
     0 | D:1      | 0 ||| PLANNING D:1-11
    51 | D:1      | 51 ||| Stepping ~*~*~tactically~*~*~ (stealth).
   250 | D:1      | Reached XP level 2. HP: 17/17 MP: 6/6
   262 | D:1      | Reached skill level 3 in Axes
   715 | D:1      | Reached XP level 3. HP: 20/21 MP: 7/7
   786 | D:1      | 786 ||| SWAPPING to +0 hand axe of flaming.
   787 | D:1      | 787 ||| DROPPING +0 hand axe.
   788 | D:1      | 788 ||| DROPPING +0 club.
   900 | D:1      | Found a faded altar of an unknown god.
  1064 | D:1      | 1064 ||| UPGRADING to +0 chain mail.
  1074 | D:1      | 1074 ||| DROPPING +0 leather armour.
  1075 | D:1      | 1075 ||| DROPPING orb of light.
  1076 | D:1      | 1076 ||| DROPPING ring of flight.
  1077 | D:1      | 1077 ||| READING 5 scrolls labelled EWILLA PORIPT.
  1078 | D:1      | 1078 ||| READING scroll labelled SOKAIL FUETE.
  1079 | D:1      | 1079 ||| DROPPING scroll of blinking.
  1177 | D:2      | Found an iron altar of Okawaru.
  1191 | D:2      | Became a worshipper of Warmaster Okawaru
  1269 | D:2      | Reached skill level 4 in Axes
  1321 | D:2      | 1321 ||| Stepping ~*~*~tactically~*~*~ (hiding).
  1536 | D:2      | HP: 4/21 [worm (5)]
  1537 | D:2      | Succumbed to an adder's poison

Levels and vault maps discovered:
D:1:      dpeg_arrival_rooms_with_view, layout_rooms,
          hellmonk_ecumenical_altar_zigzags
D:2:      layout_basic, basic_altar, uniq_robin, uniq_terence

Skill      XL: |  1  2  3 |
---------------+----------+-----
Axes           | 3 4 |  4.2
Fighting       | |  2.0
Throwing       | |  1.0
Armour         | |  1.1
Dodging        | |  2.1
Spellcasting   | |  2.0
Translocations | |  2.4

Action                   || total
-------------------------++-------
Melee: Hand axe          ||    71
       Peck              ||    10
       Kick              ||    16
Throw: Boomerang         ||     7
  Use: Scroll            ||     2
Armor: Leather armour    ||    22
       Chain mail        ||     6
Dodge: Dodged            ||    32

Table legend:
 A = Non-vault XP
 B = Vault XP
 C = Vault XP percentage of total XP
 D = Non-vault monster count
 E = Vault monster count
 F = Vault count percentage of total count
                 A         B        C        D         E       F
            +---------+---------+-------+---------+---------+-------
      Total |      68 |       3 |   4.2 |      34 |       2 |   5.6
            +---------+---------+-------+---------+---------+-------
        D:1 |      36 |       3 |   7.7 |      23 |       2 |   8.0
        D:2 |      32 |       0 |   0.0 |      11 |       0 |   0.0
            +---------+---------+-------+---------+---------+-------
